 Dungeon Crawl Stone Soup version 0.16-a0-3667-g690a316 (webtiles) character file.

189 cstrauz the Skirmisher (level 5, 0/42 HPs)
             Began as a Bearkin Berserker on Apr 2, 2015.
             Was a Believer of Trog.
             Slain by zuzupoo's ghost (9 damage)
             ... on level 4 of the Dungeon.
             The game lasted 00:17:16 (3175 turns).

cstrauz the Skirmisher (Bearkin Berserker)          Turns: 3175, Time: 00:17:16

Health: 0/42       AC:  9    Str: 22    XL:     5   Next: 40%
Magic:  5/5        EV: 10    Int:  7    God:    Trog [**....]
Gold:   78         SH:  0    Dex: 10    Spells: 0 memorised, 4 levels left

rFire  . . .     SeeInvis .       - Unarmed
rCold  . . .     Clarity  .     p - +0 scale mail
rNeg   . . .     SustAb   .     (no shield)
rPois  .         Gourm    .     (no helmet)
rElec  .         Spirit   .     (no cloak)
rCorr  .         Warding  .     (no gloves)
rMut   .         Stasis   .     s - +1 pair of boots
MR     .....                    (no amulet)
Stlth  ..........               (no ring)
                                (no ring)

@: not resistant to hostile enchantments, extremely unstealthy
A: claws 1, shaggy fur 1, hind claws 2, cornered berserk
a: Cornered Berserk, Burn Spellbooks, Berserk, Trog's Hand, Renounce Religion


You were on level 4 of the Dungeon.
You worshipped Trog.
Trog was pleased with you.
You were not hungry.

You visited 1 branch of the dungeon, and saw 4 of its levels.

You collected 78 gold pieces.

Inventory:

Missiles
 n - a stone (quivered)
Armour
 b - a +0 animal skin
 i - a +0 chain mail
 p - a +0 scale mail (worn)
 s - a +1 pair of boots (worn)
Jewellery
 j - a cursed -4 ring of strength {unknown}
Scrolls
 c - 5 scrolls of identify {unknown}
 d - 3 scrolls of enchant weapon {unknown}
 f - 2 scrolls of recharging {unknown}
 k - 3 scrolls of remove curse {unknown}
 l - a scroll of amnesia {unknown}
 r - a scroll of enchant armour {unknown}
 v - a scroll of teleportation {unknown}
Potions
 e - a potion of curing
 g - a potion of cancellation
 h - a potion of ambrosia
 m - a potion of brilliance {unknown}
 o - a potion of mutation {unknown}
Comestibles
 a - 6 bread rations
 q - 7 fruits


   Skills:
 + Level 4.0 Fighting
 + Level 2.1 Armour
 + Level 2.6 Dodging
 + Level 0.5 Stealth
 + Level 4.0 Unarmed Combat


You had 4 spell levels left.
You didn't know any spells.

Dungeon Overview and Level Annotations

Branches:
Dungeon (4/15)
 Temple: D:4-7

Altars:
Kikubaaqudgha

Annotations:
D:4 zuzupoo's ghost, average BeMo


Innate Abilities, Weirdness & Mutations

You have sharp fingernails.
You are covered in fur (AC +1).
Your hind legs have sharp claws.
You can berserk when greatly wounded.


Message History

You closely miss zuzupoo's ghost. The jackal barely misses you.
Zuzupoo's ghost completely misses you. The jackal bites you.
You closely miss zuzupoo's ghost. The jackal closely misses you.
Zuzupoo's ghost hits you but does no damage.
You barely miss zuzupoo's ghost.
Your hind claws misses zuzupoo's ghost.
The jackal bites you but does no damage.
Zuzupoo's ghost misses you.
You closely miss zuzupoo's ghost.
Your hind claws misses zuzupoo's ghost.
The jackal barely misses you.
You claw zuzupoo's ghost!
Your hind claws misses zuzupoo's ghost.
Zuzupoo's ghost is lightly damaged.
The jackal misses you.
Zuzupoo's ghost shouts, "They lied to you.
The Dungeon just goes down and down forever."
Zuzupoo's ghost hits you!
* * * LOW HITPOINT WARNING * * *
The jackal bites you but does no damage.
You scratch zuzupoo's ghost but do no damage.
Zuzupoo's ghost is lightly damaged.
Zuzupoo's ghost hits you!
You die...

# ... .. #.#
##..#
...#####
#####<...#...
#..@W.......#
####h.##....#
.#####..†#..#
.
............#
.####..#<###
#.##.# ...
#..# #(..
##... ###
##...


You could see zuzupoo's ghost and a jackal.

Vanquished Creatures
  Natasha (thrice) (D:3)
  5 adders
  A white imp (D:3)
  6 worms
  An ooze (D:1)
  2 orcs
  5 giant cockroaches
  9 goblins
  8 hobgoblins
  2 jackals (D:4)
  6 kobolds
  14 bats
  4 giant geckos
  A giant newt (D:1)
  2 quokkas
  5 rats
74 creatures vanquished.

Notes
Turn   | Place    | Note
--------------------------------------------------------------
     0 | D:1      | cstrauz, the Bearkin Berserker, began the quest for the Orb.
     0 | D:1      | Reached XP level 1. HP: 18/18 MP: 1/1
   334 | D:1      | Reached XP level 2. HP: 20/24 MP: 2/2
   790 | D:2      | Reached XP level 3. HP: 21/29 MP: 3/3
  1241 | D:2      | Acquired Trog's second power
  1724 | D:2      | Gained mutation: Your hind legs have sharp claws. [bearkin transformation]
  1724 | D:2      | Reached XP level 4. HP: 35/37 MP: 4/4
  2056 | D:3      | Noticed Natasha
  2078 | D:3      | Killed Natasha
  2125 | D:3      | Noticed Natasha
  2153 | D:3      | Killed Natasha
  2207 | D:3      | HP: 1/37 [poisoned by an adder]
  2399 | D:3      | Noticed Natasha
  2422 | D:3      | Killed Natasha
  2805 | D:3      | Reached XP level 5. HP: 38/42 MP: 5/5
  2816 | D:3      | Found an ancient bone altar of Kikubaaqudgha.
  2838 | D:3      | Reached skill level 4 in Fighting
  3116 | D:4      | Noticed zuzupoo's ghost (average BeMo)
  3175 | D:4      | Slain by zuzupoo's ghost

Action                   |  1- 3 |  4- 6 || total
-------------------------+-------+-------++-------
Melee: Unarmed           |   148 |   169 ||   317
  Use: Potion            |       |     6 ||     6
 Stab: Confused          |       |     1 ||     1
  Eat: Chunk             |     2 |     2 ||     4
       Bread ration      |       |     1 ||     1
       Beef jerky        |       |     1 ||     1
